SA
PHOENIX HOTSPUR U-21 @ MT. VERNON BULLS
08/17/2026
 
TOP OF THE 1ST
Phoenix Hotspur U-21 batting - Pitching for Mt. Vernon Bulls : RHP Mark Goldwire
Pitching: RHP Mark Goldwire
Batting: RHB Solomon Norment 0-0: Ball
1-0: Ball
2-0: Foul Ball, location: 2F
2-1: Ball
3-1: Ground out 5-3 (Groundball, 56)
Batting: LHB Tyler Kinjeketile 0-0: Called Strike
0-1: Fly out, F7 (Flyball, 7LM)
Batting: RHB Elvis Norfleet 0-0: Ball
1-0: Ground out 5-3 (Groundball, 5)
Top of the 1st over - 0 run(s), 0 hit(s), 0 error(s), 0 left on base; Phoenix 0 - Mt. Vernon 0
BOTTOM OF THE 1ST
Mt. Vernon Bulls batting - Pitching for Phoenix Hotspur U-21 : LHP Ismael Lara
Pitching: LHP Ismael Lara
Batting: RHB Noël Sassetti 0-0: Ball
1-0: Ground out 6-3 (Groundball, 56)
Batting: RHB Rodrigo Chávez 0-0: Called Strike
0-1: Ground out 5-3 (Groundball, 56S)
Batting: RHB Abraham Phelps 0-0: Ball
1-0: DOUBLE (Line Drive, 78S)
Batting: LHB Lee Hart 0-0: Called Strike
0-1: Ground out 5-3 (Groundball, 56S)
Bottom of the 1st over - 0 run(s), 1 hit(s), 0 error(s), 1 left on base; Phoenix 0 - Mt. Vernon 0
TOP OF THE 2ND
Phoenix Hotspur U-21 batting - Pitching for Mt. Vernon Bulls : RHP Mark Goldwire
Batting: LHB Harumi Takaki 0-0: Ball
1-0: Fly out, F7 (Flyball, 78S)
Batting: SHB Huey Wood 0-0: Ground out U3 (Groundball, 3L)
Batting: RHB Juan Negrete 0-0: Ball
1-0: Foul Ball, location: 2F
1-1: Foul Ball, location: 2F
1-2: Foul Ball, location: 2F
1-2: Ball
2-2: Strikes out swinging
Top of the 2nd over - 0 run(s), 0 hit(s), 0 error(s), 0 left on base; Phoenix 0 - Mt. Vernon 0
BOTTOM OF THE 2ND
Mt. Vernon Bulls batting - Pitching for Phoenix Hotspur U-21 : LHP Ismael Lara
Batting: RHB António López 0-0: Ball
1-0: Ground out 5-3 (Groundball, 5)
Batting: RHB Ken Gardner 0-0: SINGLE (Line Drive, 56D)
Batting: RHB Ryan Robbins 0-0: Ball
1-0: Called Strike
1-1: Swinging Strike
1-2: Foul Ball, location: 2F
1-2: Strikes out swinging
Batting: RHB Alba Hidalgo de Jesus 0-0: Called Strike
0-1: Ball
1-1: Ball
2-1: Foul Ball, location: 2F
2-2: Strikes out looking
Bottom of the 2nd over - 0 run(s), 1 hit(s), 0 error(s), 1 left on base; Phoenix 0 - Mt. Vernon 0
TOP OF THE 3RD
Phoenix Hotspur U-21 batting - Pitching for Mt. Vernon Bulls : RHP Mark Goldwire
Batting: RHB Phillip Mendizabal 0-0: Ball
1-0: Ball
2-0: Ball
3-0: Base on Balls
Batting: LHB Corey Ferguson 0-0: Ball
Throwing error on steal attempt, E2
Phillip Mendizabal to third
1-0: Called Strike
1-1: Ball
Wild Pitch!
Phillip Mendizabal scores
2-1: Called Strike
2-2: Foul Ball, location: 2F
2-2: Ball
3-2: DOUBLE (Flyball, 8RD)
Batting: RHB Bill Erickson 0-0: Ball
1-0: Ground out 4-3 (Groundball, 34)
Corey Ferguson to third
Batting: RHB Solomon Norment 0-0: Ball
1-0: Foul Ball, location: 2F
1-1: Called Strike
1-2: Ball
2-2: Ball
3-2: Base on Balls
Batting: LHB Tyler Kinjeketile 0-0: Ball
1-0: Swinging Strike
1-1: Ball
2-1: Fly out, F8 (Flyball, 8RD)
Runner from 3rd tags up, SCORES, no throw
Batting: RHB Elvis Norfleet 0-0: Ball
1-0: Ball
2-0: Foul Ball, location: 2F
2-1: Ball
3-1: Foul Ball, location: 2F
3-2: Foul Ball, location: 2F
3-2: Ground out 5-3 (Groundball, 56S)
Top of the 3rd over - 2 run(s), 1 hit(s), 1 error(s), 1 left on base; Phoenix 2 - Mt. Vernon 0
BOTTOM OF THE 3RD
Mt. Vernon Bulls batting - Pitching for Phoenix Hotspur U-21 : LHP Ismael Lara
Batting: RHB Louis Litt 0-0: Called Strike
0-1: Ball
1-1: Ball
2-1: SINGLE (Groundball, 6MD)
Batting: RHB Noël Sassetti 0-0: Ball
1-0: Grounds into double play, 6-4-3 (Groundball, 6)
Batting: RHB Rodrigo Chávez 0-0: SINGLE (Groundball, 6D)
Batting: RHB Abraham Phelps 0-0: Ball
1-0: Ball
2-0: Called Strike
2-1: Swinging Strike
2-2: Ball
Rodrigo Chávez steals 2nd base
3-2: Foul Ball, location: 2F
3-2: Strikes out swinging
Bottom of the 3rd over - 0 run(s), 2 hit(s), 0 error(s), 1 left on base; Phoenix 2 - Mt. Vernon 0
TOP OF THE 4TH
Phoenix Hotspur U-21 batting - Pitching for Mt. Vernon Bulls : RHP Mark Goldwire
Batting: LHB Harumi Takaki 0-0: Foul Ball, location: 2F
0-1: Ball
1-1: Foul Ball, location: 2F
1-2: Ball
2-2: Foul Ball, location: 2F
2-2: Strikes out swinging
Batting: SHB Huey Wood 0-0: Ball
1-0: Foul Ball, location: 2F
1-1: Foul Ball, location: 2F
1-2: Ground out 4-3 (Groundball, 4)
Batting: RHB Juan Negrete 0-0: Ball
1-0: Called Strike
1-1: Ball
2-1: Ball
3-1: Foul Ball, location: 2F
3-2: Base on Balls
Batting: RHB Phillip Mendizabal 0-0: Ball
1-0: Foul Ball, location: 2F
1-1: Called Strike
1-2: Fly out, F7 (Flyball, 78M)
Top of the 4th over - 0 run(s), 0 hit(s), 0 error(s), 1 left on base; Phoenix 2 - Mt. Vernon 0
BOTTOM OF THE 4TH
Mt. Vernon Bulls batting - Pitching for Phoenix Hotspur U-21 : LHP Ismael Lara
Batting: LHB Lee Hart 0-0: Foul Ball, location: 2F
0-1: Called Strike
0-2: Ball
1-2: Foul Ball, location: 2F
1-2: Foul Ball, location: 2F
1-2: Ball
2-2: Strikes out looking
Batting: RHB António López 0-0: Swinging Strike
0-1: Called Strike
0-2: Strikes out swinging
Batting: RHB Ken Gardner 0-0: Ball
1-0: Foul Ball, location: 2F
1-1: Ball
2-1: Ball
3-1: Base on Balls
Batting: RHB Ryan Robbins 0-0: Ball
1-0: Called Strike
1-1: Ball
2-1: Foul Ball, location: 2F
2-2: Strikes out swinging
Bottom of the 4th over - 0 run(s), 0 hit(s), 0 error(s), 1 left on base; Phoenix 2 - Mt. Vernon 0
TOP OF THE 5TH
Phoenix Hotspur U-21 batting - Pitching for Mt. Vernon Bulls : RHP Mark Goldwire
Batting: LHB Corey Ferguson 0-0: Ground out 4-3 (Groundball, 4)
Batting: RHB Bill Erickson 0-0: Foul Ball, location: 2F
0-1: Ball
1-1: Called Strike
1-2: Strikes out swinging
Batting: RHB Solomon Norment 0-0: Called Strike
0-1: Ball
1-1: Ball
2-1: Ball
3-1: Foul Ball, location: 2F
3-2: SINGLE (Line Drive, 56)
Batting: LHB Tyler Kinjeketile 0-0: Ball
1-0: Fielders Choice at 2nd, 4-6 (Groundball, 4)
Top of the 5th over - 0 run(s), 1 hit(s), 0 error(s), 0 left on base; Phoenix 2 - Mt. Vernon 0
BOTTOM OF THE 5TH
Mt. Vernon Bulls batting - Pitching for Phoenix Hotspur U-21 : LHP Ismael Lara
Batting: RHB Alba Hidalgo de Jesus 0-0: Ground out 5-3 (Groundball, 5L)
Batting: RHB Louis Litt 0-0: Ball
1-0: Ball
2-0: DOUBLE (Line Drive, 8LM)
Batting: RHB Noël Sassetti 0-0: Ball
1-0: Ball
2-0: Called Strike
2-1: Foul Ball, location: 2F
2-2: Ball
3-2: Base on Balls
Batting: RHB Rodrigo Chávez 0-0: Ball
1-0: Fly out, F7 (Line Drive, 78M)
Batting: RHB Abraham Phelps 0-0: Ball
1-0: Called Strike
1-1: Fielders Choice at 2nd, 5-4 (Groundball, 5L)
Bottom of the 5th over - 0 run(s), 1 hit(s), 0 error(s), 1 left on base; Phoenix 2 - Mt. Vernon 0
TOP OF THE 6TH
Phoenix Hotspur U-21 batting - Pitching for Mt. Vernon Bulls : RHP Mark Goldwire
Batting: RHB Elvis Norfleet 0-0: Swinging Strike
0-1: Ball
1-1: Called Strike
1-2: Ball
2-2: SINGLE (Groundball, 56D)
Batting: LHB Harumi Takaki 0-0: Grounds into double play, 4-6-3 (Groundball, 4)
Batting: SHB Huey Wood 0-0: SINGLE (Line Drive, 34D)
Batting: RHB Juan Negrete 0-0: Called Strike
0-1: Ball
1-1: Ball
2-1: Fly out, F9 (Flyball, 89D)
Top of the 6th over - 0 run(s), 2 hit(s), 0 error(s), 1 left on base; Phoenix 2 - Mt. Vernon 0
BOTTOM OF THE 6TH
Mt. Vernon Bulls batting - Pitching for Phoenix Hotspur U-21 : LHP Ismael Lara
Batting: LHB Lee Hart 0-0: Ball
1-0: Called Strike
1-1: Foul Ball, location: 2F
1-2: Ball
2-2: Ball
3-2: Fly out, F4 (Popup, 4D)
Batting: RHB António López 0-0: Called Strike
0-1: SINGLE (Groundball, 56) (infield hit)
Batting: RHB Ken Gardner 0-0: Ball
1-0: Foul Ball, location: 2F
1-1: Fly out, F9 (Flyball, 9LMF)
Batting: RHB Ryan Robbins 0-0: Ball
1-0: Swinging Strike
1-1: Called Strike
1-2: Ball
2-2: Strikes out looking
Bottom of the 6th over - 0 run(s), 1 hit(s), 0 error(s), 1 left on base; Phoenix 2 - Mt. Vernon 0
TOP OF THE 7TH
Phoenix Hotspur U-21 batting - Pitching for Mt. Vernon Bulls : RHP Mark Goldwire
Batting: RHB Phillip Mendizabal 0-0: Ball
1-0: TRIPLE (Groundball, 3L)
Batting: LHB Corey Ferguson 0-0: Intentional Walk
Batting: RHB Bill Erickson 0-0: TRIPLE (Line Drive, 8LM)
Phillip Mendizabal scores
Corey Ferguson scores
Batting: RHB Solomon Norment 0-0: DOUBLE (Line Drive, 7LM)
Bill Erickson scores
Batting: LHB Tyler Kinjeketile 0-0: Intentional Walk
Batting: RHB Elvis Norfleet 0-0: Ball
1-0: Called Strike
1-1: Grounds into double play, 6-4-3 (Groundball, 6)
Solomon Norment to third
Batting: LHB Harumi Takaki 0-0: Intentional Walk
Pitching: LHP José Álvarez
Batting: SHB Huey Wood 0-0: Foul Ball, location: 2F
0-1: Ball
1-1: Foul Ball, location: 2F
1-2: Foul Ball, location: 2F
1-2: Strikes out swinging
Top of the 7th over - 3 run(s), 3 hit(s), 0 error(s), 2 left on base; Phoenix 5 - Mt. Vernon 0
BOTTOM OF THE 7TH
Mt. Vernon Bulls batting - Pitching for Phoenix Hotspur U-21 : LHP Ismael Lara
Batting: RHB Alba Hidalgo de Jesus 0-0: Foul Ball, location: 2F
0-1: Foul Ball, location: 2F
0-2: Strikes out swinging
Batting: RHB Louis Litt 0-0: Ball
1-0: Fly out, F9 (Flyball, 9S)
Batting: RHB Noël Sassetti 0-0: Ball
1-0: Called Strike
1-1: Fly out, F3 (Line Drive, 34)
Bottom of the 7th over - 0 run(s), 0 hit(s), 0 error(s), 0 left on base; Phoenix 5 - Mt. Vernon 0
TOP OF THE 8TH
Phoenix Hotspur U-21 batting - Pitching for Mt. Vernon Bulls : LHP José Álvarez
Batting: RHB Juan Negrete 0-0: Ball
1-0: Ball
2-0: Called Strike
2-1: Ball
3-1: Called Strike
3-2: Foul Ball, location: 2F
3-2: Foul Ball, location: 2F
3-2: Foul Ball, location: 2F
3-2: Base on Balls
Batting: RHB Phillip Mendizabal 0-0: Called Strike
0-1: Foul Ball, location: 2F
0-2: Foul Ball, location: 2F
0-2: Strikes out swinging
Batting: LHB Corey Ferguson 0-0: Foul Ball, location: 2F
0-1: Called Strike
0-2: Strikes out swinging
Batting: RHB Bill Erickson 0-0: Ball
1-0: Foul Ball, location: 2F
1-1: Ball
2-1: Fielders Choice at 2nd, 6-4 (Groundball, 6D)
Top of the 8th over - 0 run(s), 0 hit(s), 0 error(s), 0 left on base; Phoenix 5 - Mt. Vernon 0
BOTTOM OF THE 8TH
Mt. Vernon Bulls batting - Pitching for Phoenix Hotspur U-21 : LHP Ismael Lara
Now at C: Germán Alfaro
Batting: RHB Rodrigo Chávez 0-0: Called Strike
0-1: Called Strike
0-2: Strikes out swinging
Batting: RHB Abraham Phelps 0-0: Ball
1-0: SINGLE (Flyball, 8LS)
Batting: LHB Lee Hart 0-0: Called Strike
0-1: Fly out, F4 (Popup, 4MD)
Batting: RHB António López 0-0: Called Strike
0-1: Called Strike
0-2: Ball
1-2: Foul Ball, location: 2F
1-2: Ground out 6-3 (Groundball, 6S)
Bottom of the 8th over - 0 run(s), 1 hit(s), 0 error(s), 1 left on base; Phoenix 5 - Mt. Vernon 0
TOP OF THE 9TH
Phoenix Hotspur U-21 batting - Pitching for Mt. Vernon Bulls : LHP José Álvarez
Batting: RHB Solomon Norment 0-0: Swinging Strike
0-1: Fly out, F9 (Flyball, 9S)
Batting: LHB Tyler Kinjeketile 0-0: Swinging Strike
0-1: Ball
1-1: DOUBLE (Flyball, 7LM)
Batting: RHB Elvis Norfleet 0-0: Called Strike
0-1: Called Strike
0-2: Foul Ball, location: 2F
0-2: Ball
1-2: Ball
2-2: Foul Ball, location: 2F
2-2: Strikes out looking
Batting: LHB Harumi Takaki 0-0: Intentional Walk
Batting: SHB Huey Wood 0-0: Foul Ball, location: 2F
0-1: Ball
1-1: Ball
2-1: Ball
3-1: Called Strike
3-2: Fly out, F8 (Flyball, 8RM)
Top of the 9th over - 0 run(s), 1 hit(s), 0 error(s), 2 left on base; Phoenix 5 - Mt. Vernon 0
BOTTOM OF THE 9TH
Mt. Vernon Bulls batting - Pitching for Phoenix Hotspur U-21 : LHP Ismael Lara
Now in RF: Roldan Martir
Batting: RHB Ken Gardner 0-0: Called Strike
0-1: Foul Ball, location: 2F
0-2: Strikes out swinging
Batting: RHB Ryan Robbins 0-0: Ball
1-0: Ball
2-0: Called Strike
2-1: Called Strike
2-2: Strikes out swinging
Batting: RHB Alba Hidalgo de Jesus 0-0: Called Strike
0-1: SINGLE (Groundball, 56S) (infield hit)
Pitching: RHP Kenny Kawaguchi
Batting: RHB Louis Litt 0-0: Ball
1-0: Ball
2-0: Ball
3-0: Called Strike
3-1: TRIPLE (Flyball, 89D)
Alba Hidalgo de Jesus scores
Batting: RHB Noël Sassetti 0-0: Ball
1-0: Foul Ball, location: 2F
1-1: Foul Ball, location: 2F
1-2: Strikes out swinging
Bottom of the 9th over - 1 run(s), 2 hit(s), 0 error(s), 1 left on base; Phoenix 5 - Mt. Vernon 1
Monday, March 20th, 2017 - OOTP Baseball 17.12 Build 75